 Dungeon Crawl Stone Soup version 0.20-a0-432-g25cc1b4 (webtiles) character file.

256 Da5id the Chiller (level 5, -2/38 HPs)
             Began as a Draconian Ice Elementalist on Jan 2, 2017.
             Slain by an orc
             ... wielding a +0 flail
              (8 damage)
             ... on level 2 of the Dungeon.
             The game lasted 00:06:24 (5436 turns).

Da5id the Chiller (Draconian Ice Elementalist)      Turns: 5436, Time: 00:06:25

Health: -2/38      AC:  5    Str: 10    XL:     5   Next: 92%
Magic:  9/9        EV: 12    Int: 16    God:
Gold:   106        SH:  0    Dex: 15    Spells: 2/10 levels left

rFire  . . .     SeeInvis .     s - +0 rapier
rCold  . . .     Gourm    +     (armour unavailable)
rNeg   . . .     Faith    .     (no shield)
rPois  .         Spirit   .     (helmet restricted)
rElec  .         Reflect  .     (no cloak)
rCorr  .         Harm     .     (no gloves)
MR     .....                    (no boots)
Stlth  ++........               e - amulet of the gourmand
                                (no ring)
                                t - +3 ring of dexterity

@: slowed, very slow
A: unfitting armour, cold-blooded, AC +5
a: no special abilities


You were on level 2 of the Dungeon.
You were very full.

You visited 1 branch of the dungeon, and saw 3 of its levels.

You collected 106 gold pieces.

Inventory:

Hand Weapons
 r - a +0 dagger of pain
 s - a +0 rapier (weapon)
Jewellery
 e - an amulet of the gourmand (around neck)
 t - a +3 ring of dexterity (left hand)
Scrolls
 d - a scroll of noise {unknown}
 f - a scroll of fear
 h - a scroll of identify
 j - a scroll of remove curse
 k - a scroll of teleportation {unknown}
 q - 2 scrolls of enchant weapon {unknown}
Potions
 c - a potion of heal wounds {unknown}
 i - a potion of experience {unknown}
 m - a potion of ambrosia
 n - a potion of curing {unknown}
Books
 a - a book of Frost

   Spells                             Type                      Level
   a - Freeze                         Ice                          1
   b - Throw Frost                    Conjuration/Ice              2
   c - Ozocubu's Armour               Charms/Ice                   3
   d - Throw Icicle                   Conjuration/Ice              4
   e - Summon Ice Beast               Ice/Summoning                4
Comestibles
 b - 3 bread rations
 l - a beef jerky
 o - a royal jelly
 p - a meat ration


   Skills:
 - Level 1.7 Dodging
 - Level 1.7 Stealth
 - Level 3.0 Spellcasting
   Level 1.0 Conjurations
 + Level 6.1 Ice Magic


You had 2 spell levels left.
You knew the following spells:

 Your Spells              Type           Power        Failure   Level  Hunger
a - Freeze                Ice            ###.         1%          1    #......
b - Ozocubu's Armour      Chrm/Ice       ##......     17%         3    ###....
c - Summon Ice Beast      Ice/Summ       ##......     63%         4    #####..


Dungeon Overview and Level Annotations

Branches:
Dungeon (3/15)

Altars:


Innate Abilities, Weirdness & Mutations

Your plain brown scales are hard. (AC +5)
You cannot fit into any form of body armour.
You are cold-blooded and may be slowed by cold attacks.


Message History

You hit the leopard gecko but do no damage.
Your tail-slap misses the leopard gecko.
The orc misses you. The leopard gecko barely misses you.
The orc barely misses you. The orc misses you.
The leopard gecko barely misses you.
You closely miss the leopard gecko. The leopard gecko bites you.
The orc closely misses you. The orc hits you with a flail.
The leopard gecko bites you. The orc misses you.
You closely miss the leopard gecko. The orc hits you with a flail!
* * * LOW HITPOINT WARNING * * *
The leopard gecko bites you but does no damage.
The orc barely misses you. The leopard gecko misses you.
The orc closely misses you.
You hit the leopard gecko.
The leopard gecko is moderately wounded.
The leopard gecko bites you but does no damage.
The orc hits you with a flail.
* * * LOW HITPOINT WARNING * * *
The orc hits you with a flail!
You die...

#######.###.#####.#.#.#.# #..#...
................#.#.#.#.# #..#.##
#######.........#.#.#.#.#####....#
#)).......'.#.....#......###
#.........###.#####.######
#.........'.#.# #.#
#...(.....#.#.# #)#
#....))...#l#.# ###.########
#.........#@#.# #...#......#
#.........o.o.# #.###.####.#
#.........#.#.# #.# #.# #.#
#######.....### #.# #.# #.#
#.##### #.# #.# #.# #.#######
#.###.####.# #.......#
#..........# #######.#
#####.###### #.# #.#


You could see 2 orcs and a leopard gecko.

Vanquished Creatures
  2 orc priests (D:3)
  An orc wizard (D:3)
  Jessica (D:2)
  2 adders
  2 worms
  8 dart slugs (D:3)
  5 leopard geckos
  9 orcs
  12 giant cockroaches
  8 goblins
  10 hobgoblins
  9 jackals
  4 bats
  A frilled lizard (D:1)
  5 kobolds
  10 rats
89 creatures vanquished.

Notes
Turn   | Place    | Note
-------+----------+-------------------------------------------
     0 | D:1      | Da5id the Draconian Ice Elementalist began the quest for the Orb.
     0 | D:1      | Reached XP level 1. HP: 14/14 MP: 3/3
   708 | D:1      | Reached XP level 2. HP: 20/20 MP: 5/5
  1829 | D:2      | Noticed Jessica
  1840 | D:2      | Killed Jessica
  1840 | D:2      | Reached XP level 3. HP: 20/26 MP: 5/7
  2174 | D:2      | Reached skill level 4 in Ice Magic
  2303 | D:2      | Reached XP level 4. HP: 28/33 MP: 8/8
  2786 | D:2      | Learned a level 3 spell: Ozocubu's Armour
  2791 | D:2      | Learned a level 4 spell: Summon Ice Beast
  3747 | D:3      | Reached skill level 5 in Ice Magic
  3778 | D:3      | Reached XP level 5. HP: 38/38 MP: 9/9
  4736 | D:3      | Reached skill level 6 in Ice Magic
  5436 | D:2      | Slain by an orc

Vault maps used:
D:1:      dpeg_arrival_simpleton_a
D:2:      minmay_roachtagon, uniq_jessica
D:3:      kennysheep_slugbush

Skill      XL: |  1  2  3  4  5 |
---------------+----------------+-----
Spellcasting   | 3 |  3.0
Ice Magic      | 4 5 6 |  6.1
Dodging        | |  1.7
Stealth        | |  1.7
Conjurations   | |  1.0

Action                   |  1- 3 |  4- 6 || total
-------------------------+-------+-------++-------
Melee: Short sword       |   107 |   155 ||   262
       Unarmed           |     6 |       ||     6
       Tailslap          |    11 |    23 ||    34
       Rapier            |       |    57 ||    57
 Cast: Freeze            |    14 |    14 ||    28
  Use: Scroll            |       |     5 ||     5
 Stab: Sleeping          |     2 |     3 ||     5
  Eat: Chunk             |    13 |     9 ||    22
Armor: Skin              |    32 |    95 ||   127
Dodge: Dodged            |    91 |   197 ||   288
